AoeStats
← Chlupinek

Arena

505084156Analyzed
4v4 RM · 24d ago on Sep 7, 2026· 43m 9s· 8 players
Game mode
Random Map
Map size
Large (8 player)
Population
200
Speed
Normal
Resources
Standard
Victory
Conquest
Starting age
Dark Age
Ending age
Imperial Age
RankedLock teamsTeams togetherTeam positionsShared explorationLock speedFull tech treeHidden civsTurbo modeCheats
Victory
Defeat
🇷🇺 Vietnamese · Russia
1669
+12
🇩🇪 Teutons · Germany
1652
+12
🇩🇪 Saracens · Germany
1589
+15
🇧🇪 Magyars · Belgium
1385
+23
🇨🇭 Armenians · Switzerland
1650
-19
🇨🇿 Bengalis · Czechia
1599
-17
🇺🇸 Franks · United States
1525
-14
🇮🇹 Poles · Italy
1487
-12
Rex Caedis
10:43 Feudal Age
14:26 Castle Age
12:19 Double-Bit Axe
12:45 Horse Collar
15:23 Bow Saw
15:24 Heavy Plow
18:49 Wheelbarrow
22:45 Gold Mining
23:11 Hand Cart
23:44 Stone Mining
23:52 Loom
25:13 Scale Barding Armor
25:24 Forging
27:58 Imperial Age
25:15 Town Watch
26:24 Stone Shaft Mining
26:09 Scale Barding Armor
27:19 Chain Barding Armor
27:51 Iron Casting
28:10 Bloodlines
28:00 Fletching
29:26 Plate Barding Armor
28:13 Cavalier
30:18 Two-Man Saw
29:48 Crop Rotation
30:37 Chemistry
31:14 Blast Furnace
30:40 Paladin
33:18 Fletching
34:09 Guilds
34:42 Conscription
34:18 Bodkin Arrow
34:42 Siege Engineers
37:39 Town Patrol
38:12 Coinage
38:19 Bombard Tower
38:19 Ballistics
38:25 Scale Mail Armor
39:34 Ironclad
40:04 Chain Mail Armor
41:26 Plate Mail Armor
42:52 Banking
42:25 Caravan
FarI
11:07 Feudal Age
11:41 Double-Bit Axe
14:40 Castle Age
12:43 Horse Collar
15:43 Bow Saw
15:36 Heavy Plow
19:15 Wheelbarrow
19:21 Wheelbarrow
20:54 Hand Cart
23:14 Gold Mining
26:21 Imperial Age
24:17 Stone Mining
24:59 Fletching
25:36 Loom
26:04 Squires
26:05 Scale Mail Armor
26:01 Bodkin Arrow
26:09 Crossbowman
27:01 Thumb Ring
27:06 Bracer
28:09 Chemistry
27:52 Padded Archer Armor
27:59 Treadmill Crane
29:32 Heavy Cavalry Archer
31:24 Ballistics
31:30 Leather Archer Armor
32:01 Forging
32:15 Chatras
33:47 Elite Fire Lancer
34:54 Elite Rattan Archer
35:37 Guard Tower
35:59 Fortified Wall
37:59 Ring Archer Armor
40:09 Paper Money
40:21 Siege Engineers
41:34 Guilds
41:24 Capped Ram
RIBBEN
0:51 Loom
11:29 Feudal Age
16:20 Castle Age
14:23 Horse Collar
15:56 Double-Bit Axe
17:23 Bow Saw
17:36 Heavy Plow
20:44 Wheelbarrow
25:10 Hand Cart
27:32 Stone Mining
27:33 Gold Mining
28:43 Scale Barding Armor
31:31 Imperial Age
29:46 Gold Shaft Mining
29:55 Chain Barding Armor
29:35 Scale Mail Armor
30:23 Bloodlines
30:13 Husbandry
29:36 Pikeman
30:15 Light Cavalry
30:43 Arson
32:20 Chain Mail Armor
31:53 Cavalier
33:12 Plate Barding Armor
32:41 Halberdier
34:21 Fletching
35:57 Conscription
38:02 Two-Man Saw
37:33 Crop Rotation
39:49 Chemistry
38:19 Paladin
41:36 Hussar
43:45 Chemistry
43:41 Ballistics
Benni
10:31 Feudal Age
14:03 Castle Age
12:18 Double-Bit Axe
12:54 Horse Collar
16:10 Bow Saw
23:38 Wheelbarrow
24:17 Stone Mining
24:19 Gold Mining
25:10 Hand Cart
26:24 Gold Shaft Mining
27:32 Scale Barding Armor
27:23 Loom
30:13 Imperial Age
27:29 Loom
28:33 Forging
28:33 Heavy Plow
29:42 Bloodlines
29:32 Husbandry
29:53 Chain Barding Armor
30:53 Iron Casting
31:17 Conscription
30:21 Elite Mameluke
31:42 Plate Barding Armor
31:07 Town Watch
33:00 Blast Furnace
33:37 Fletching
33:16 Capped Ram
35:40 Two-Man Saw
34:12 Siege Ram
36:01 Padded Archer Armor
35:57 Bodkin Arrow
37:06 Coinage
37:30 Bracer
38:22 Banking
41:03 Ballistics
41:44 Chemistry
41:24 Siege Engineers
42:20 Chemistry
42:46 Treadmill Crane
rolltorest
10:38 Feudal Age
11:55 Double-Bit Axe
14:50 Castle Age
16:01 Bow Saw
20:53 Wheelbarrow
22:12 Hand Cart
23:15 Town Watch
23:19 Loom
24:20 Scale Barding Armor
25:00 Gold Mining
25:03 Stone Mining
25:50 Forging
26:19 Chain Barding Armor
26:09 Husbandry
28:56 Imperial Age
27:13 Iron Casting
27:26 Fletching
27:49 Masonry
27:53 Fortified Wall
27:53 Masonry
30:00 Gold Shaft Mining
30:07 Conscription
29:09 Cavalier
30:31 Plate Barding Armor
31:42 Chemistry
30:44 Paladin
34:06 Blast Furnace
36:31 Siege Engineers
40:13 Chivalry
41:03 Light Cavalry
42:43 Bodkin Arrow
43:13 Ballistics
43:23 Architecture
bfish
10:11 Feudal Age
14:08 Castle Age
12:47 Double-Bit Axe
12:54 Horse Collar
16:08 Bow Saw
17:44 Wheelbarrow
21:57 Heavy Plow
24:00 Hand Cart
23:38 Gold Mining
27:55 Imperial Age
25:12 Loom
25:13 Town Watch
25:19 Fletching
26:07 Bodkin Arrow
26:24 Padded Archer Armor
26:48 Ballistics
26:44 Stone Mining
27:44 Leather Archer Armor
27:56 Masonry
28:25 Squires
28:56 Conscription
29:38 Gold Shaft Mining
29:19 Bracer
28:48 Elite Composite Bowman
30:14 Ring Archer Armor
29:38 Pikeman
30:20 Scale Mail Armor
30:31 Forging
32:12 Chemistry
32:14 Chain Mail Armor
33:22 Guilds
32:59 Halberdier
34:27 Plate Mail Armor
35:33 Iron Casting
34:44 Arson
36:28 Coinage
37:25 Town Patrol
40:27 Blast Furnace
41:36 Hoardings
Chlupinek
10:30 Feudal Age
14:58 Castle Age
13:26 Horse Collar
13:46 Double-Bit Axe
16:35 Loom
23:39 Bow Saw
25:35 Town Watch
26:46 Wheelbarrow
26:17 Gold Mining
29:55 Imperial Age
28:10 Fletching
29:10 Ballistics
29:20 Bodkin Arrow
29:48 Padded Archer Armor
31:40 Chemistry
30:41 Bracer
30:07 Elite Elephant Archer
32:08 Gold Shaft Mining
31:38 Heavy Plow
32:53 Two-Man Saw
32:18 Conscription
32:24 Leather Archer Armor
32:45 Hand Cart
32:56 Stone Mining
33:50 Ring Archer Armor
39:35 Crop Rotation
41:18 Forging
41:09 Scale Mail Armor
Mr_Fabul0us
11:35 Feudal Age
15:14 Castle Age
13:26 Double-Bit Axe
13:48 Horse Collar
18:56 Bow Saw
18:54 Heavy Plow
21:39 Wheelbarrow
24:01 Gold Mining
25:06 Hand Cart
28:15 Imperial Age
25:31 Loom
26:27 Scale Barding Armor
26:33 Forging
27:32 Chain Barding Armor
27:54 Bloodlines
28:16 Szlachta Privileges
29:06 Iron Casting
29:06 Husbandry
28:26 Cavalier
29:34 Conscription
29:53 Lechitic Legacy
28:59 Light Cavalry
29:49 Man-at-Arms
30:29 Squires
30:15 Arson
30:50 Scale Mail Armor
31:51 Blast Furnace
31:09 Stone Mining
32:31 Winged Hussar
35:24 Crop Rotation
37:23 Fletching
38:03 Padded Archer Armor
38:20 Bodkin Arrow
39:27 Chemistry
39:11 Leather Archer Armor
39:09 Fortified Wall
39:10 Masonry
39:21 Ballistics
38:43 Elite Skirmisher
39:53 Pikeman
41:32 Bracer
Connection lost

Rejoining the realm…

Still unreachable

The connection could not be restored.

Session expired

The server has moved on; the page needs a fresh start.